 Dungeon Crawl Stone Soup version 0.23-a0-481-g60b89c1 (webtiles) character file.

63649 Amnesiac the Unseen (level 14, -9/77 HPs)
             Began as a Spriggan Enchanter on Nov 29, 2018.
             Was the Champion of Dithmenos.
             Killed from afar by an acid blob (11 damage)
             ... with a splash of acid
             ... on level 6 of the Lair of Beasts.
             The game lasted 00:58:44 (23038 turns).

Amnesiac the Unseen (Spriggan Enchanter)           Turns: 23038, Time: 00:58:45

Health: -9/77      AC:  5    Str:  9    XL:     14   Next: 68%
Magic:  16/35      EV: 46    Int: 20    God:    Dithmenos [******]
Gold:   1504       SH: 11    Dex: 18    Spells: 3/28 levels left

rFire    . . .     SeeInvis +   a - +2 quick blade (pierce)
rCold    + + .     Gourm    .   y - +3 buckler {rN+}
rNeg     + . .     Faith    .   m - +2 animal skin {rC+}
rPois    +         Spirit   .   U - +2 hat {SInv}
rElec    .         Reflect  .   X - +2 cloak {rPois}
rCorr    .         Harm     .   (gloves unavailable)
MR       ++...                  (boots unavailable)
Stlth    ++++++++++             t - amulet of the acrobat
HPRegen  0.22/turn              V - ring of magical power
MPRegen  0.24/turn              E - ring of protection from cold

@: mighty, about to teleport, corroded, very slightly contaminated, hasted,
wreathed by umbra, very quick
A: very small, unfitting armour, see invisible, herbivore, speed 3, slow
metabolism 2
a: Shadow Step, Shadow Form, Renounce Religion


You were on level 6 of the Lair of Beasts.
You worshipped Dithmenos.
Dithmenos was exalted by your worship.
You were very full.

You visited 4 branches of the dungeon, and saw 20 of its levels.
You also visited: Sewer and Ice Cave.

You collected 2625 gold pieces.
You spent 1121 gold pieces at shops.

Inventory:

Hand Weapons
 a - a +2 quick blade of piercing (weapon)
 b - a +0 blowgun
Missiles
 z - 92 poisoned needles
 K - 2 throwing nets (quivered)
 N - 11 curare-tipped needles
Armour
 m - a +2 animal skin of cold resistance (worn)
 p - a scarf of cloud immunity
 y - a +3 buckler of positive energy (worn)
 U - a +2 hat of see invisible (worn)
 X - a +2 cloak of poison resistance (worn)
Jewellery
 t - an amulet of the acrobat (around neck)
 E - a ring of protection from cold (right hand)
 F - an uncursed ring of fire
 O - an uncursed ring of poison resistance
 V - a ring of magical power (left hand)
Wands
 c - a wand of scattershot (4)
 e - a wand of enslavement (8)
 l - a wand of digging (4)
 u - a wand of paralysis (7)
 x - a wand of clouds (4)
 T - a wand of iceblast (7)
 W - a wand of disintegration (9)
Scrolls
 f - 9 scrolls of remove curse {!r}
 h - 7 scrolls of teleportation {!r}
 n - 2 scrolls of fear {!r}
 o - 2 scrolls of identify {!r}
 s - 5 scrolls of magic mapping {!r}
 w - 3 scrolls of fog {!r}
 L - a scroll of vulnerability {!r}
Potions
 k - 5 potions of might {!q}
 q - 11 potions of curing {!q}
 v - 6 potions of brilliance {!q}
 B - a potion of haste {!q}
 C - 4 potions of magic {!q}
 D - a potion of agility {!q}
 J - 5 potions of flight {!q}
 Y - a potion of resistance {!q}
Miscellaneous
 g - 2 sacks of spiders
 H - a lamp of fire
 M - a phial of floods
 Q - a phantom mirror
 R - a box of beasts
Comestibles
 d - 37 rations


   Skills:
 - Level 10.0 Fighting
 - Level 8.0 Short Blades
 - Level 15.0 Dodging
 + Level 15.7 Stealth
 - Level 7.2 Shields
 - Level 7.5 Spellcasting
 - Level 10.0 Hexes
 * Level 8.6 Invocations
 - Level 8.0 Evocations


You had 3 spell levels left.
You knew the following spells:

 Your Spells              Type           Power        Failure   Level  Hunger
a - Ensorcelled Hibernat  Hex/Ice        ####..       1%          2    None
b - Corona                Hex            #####..      1%          1    None
c - Apportation           Tloc           #.....       9%          1    None
d - Dazzling Spray        Conj/Hex       ####..       3%          3    None
e - Confuse               Hex            #####...     1%          3    None
f - Mephitic Cloud        Conj/Pois/Air  #.......     26%         3    None
g - Ozocubu's Armour      Chrm/Ice       #.......     26%         3    None
s - Conjure Flame         Conj/Fire      #.......     26%         3    None
v - Blink                 Tloc           N/A          14%         2    None
w - Tukima's Dance        Hex            #####...     1%          3    None
z - Confusing Touch       Hex            #####.       1%          1    None

Your spell library contained the following spells:

 Spells                   Type           Power        Failure   Level  Hunger
 Slow                     Hex            #####...     1%          2    None
 Spectral Weapon          Hex/Chrm       ####....     3%          3    None
 Animate Skeleton         Necr           N/A          9%          1    None
 Freeze                   Ice            #...         9%          1    None
 Infusion                 Chrm           #...         9%          1    None
 Magic Dart               Conj           #...         9%          1    None
 Summon Small Mammal      Summ           #...         9%          1    None
 Call Imp                 Summ           #.......     14%         2    None
 Shroud of Golubria       Chrm/Tloc      #.........   14%         2    None
 Song of Slaying          Chrm           #.......     14%         2    None
 Sublimation of Blood     Necr           #.........   14%         2    None
 Throw Frost              Conj/Ice       #.....       14%         2    None
 Ignite Poison            Fire/Tmut/Pois #.......     26%         3    None
 Regeneration             Chrm/Necr      #.........   26%         3    None
 Metabolic Englaciation   Hex/Ice        ####......   32%         5    #####..
 Ice Form                 Ice/Tmut       #.......     65%         4    ###....
 Petrify                  Tmut/Erth      #.......     65%         4    ###....
 Summon Ice Beast         Ice/Summ       #.......     65%         4    ###....
 Throw Icicle             Conj/Ice       #.......     65%         4    ###....
 Alistair's Intoxication  Tmut/Pois      #.......     94%         5    #####..
 Fireball                 Conj/Fire      #.........   94%         5    #####..
 Irradiate                Conj/Tmut      #.........   94%         5    #####..
 Bolt of Cold             Conj/Ice       #.........   100%        6    ######.
 Bolt of Fire             Conj/Fire      #.........   100%        6    ######.
 Freezing Cloud           Conj/Ice/Air   #.........   100%        6    ######.
 Ozocubu's Refrigeration  Ice            #.........   100%        6    ######.
 Simulacrum               Ice/Necr       #.........   100%        6    ######.
 Ring of Flames           Chrm/Fire      #.........   100%        7    #######
 Ignition                 Fire           #.........   100%        8    #######


Dungeon Overview and Level Annotations

Branches:
Dungeon (11/15)            Temple (1/1) D:7            Lair (6/6) D:9
  Swamp (0/4) Lair:2       Spider (0/4) Lair:4        Slime (0/5) Lair:6
    Orc (2/2) D:11            Elf (0/3) Orc:2

Altars:
Ashenzari
Cheibriados
Dithmenos
Elyvilon
Fedhas
Gozag
Hepliaklqana
Kikubaaqudgha
Makhleb
Nemelex Xobeh
Okawaru
Qazlal
Ru
Sif Muna
Trog
Uskayaw
Vehumet
Wu Jian
Xom
Yredelemnul
Zin
The Shining One
Jiyva

Shops:
D:4 :   D:5 :   D:6 *}   D:10 [(((   Orc:2 [[%?


Innate Abilities, Weirdness & Mutations

You are very small and have problems with some larger weapons.
You are too small for most types of armour.
You have supernaturally acute eyesight. (SInv)
You are a herbivore.
You cover ground extremely quickly.
You need to consume almost no food.


Message History

Confirm with . or Enter, or press ? or * to list all spells.
Aiming: Dazzling Spray (safe; 3% risk of failure)
Press: ? - help, Shift-Dir - straight line, f - acid blob
Aim: an acid blob (lightly wounded, umbra)
You miscast Dazzling Spray.
You are very lightly contaminated with residual magic.
Your skin glows momentarily.
Unknown command.
Casting: Dazzling Spray (safe; 3% risk of failure)
Confirm with . or Enter, or press ? or * to list all spells.
Aiming: Dazzling Spray (safe; 3% risk of failure)
Press: ? - help, Shift-Dir - straight line, f/p - acid blob
Aim: an acid blob (lightly wounded, umbra)
The spray of energy hits the acid blob.
The acid blob is lightly wounded.
The spray of energy hits the plant.
Your shadow mimicks your spell!
The shadow shard hits the acid blob.
The acid blob spits acid at you. The splash of acid hits you!
The acid corrodes you!
You are splashed with acid!
The acid burns!
Unknown command.
Casting: Dazzling Spray (safe; 3% risk of failure)
Confirm with . or Enter, or press ? or * to list all spells.
Aiming: Dazzling Spray (safe; 3% risk of failure)
Press: ? - help, Shift-Dir - straight line, f/p - acid blob
Aim: an acid blob (moderately wounded, umbra)
You miscast Dazzling Spray.
Nothing appears to happen.
The acid blob barely misses you.
Unknown command.
Casting: Dazzling Spray (safe; 3% risk of failure)
Confirm with . or Enter, or press ? or * to list all spells.
Aiming: Dazzling Spray (safe; 3% risk of failure)
Press: ? - help, Shift-Dir - straight line, f/p - acid blob
Aim: an acid blob (moderately wounded, umbra)
The spray of energy hits the acid blob.
The acid blob is moderately wounded.
The spray of energy hits the plant.
The plant is lightly damaged.
Your shadow mimicks your spell!
The shadow shard misses the acid blob.
The acid blob hits you!!!
* * * LOW HITPOINT WARNING * * *
You emit a cloud of dark smoke.
You are splashed with acid!
The acid burns!
* * * LOW HITPOINT WARNING * * *
Unknown command.
Casting: Dazzling Spray (safe; 3% risk of failure)
Confirm with . or Enter, or press ? or * to list all spells.
Aiming: Dazzling Spray (safe; 3% risk of failure)
Press: ? - help, Shift-Dir - straight line, f/p - acid blob
Aim: an acid blob (black smoke, moderately wounded, umbra)
The spray of energy hits the acid blob.
The acid blob is moderately wounded.
The spray of energy hits the plant.
The plant is lightly damaged.
Your shadow mimicks your spell!
The shadow shard hits the acid blob.
The acid blob misses you.
Unknown command.
Okay, then.
Really read
h - 8 scrolls of teleportation {!r}?
As you read the scroll of teleportation {!r}, it crumbles to dust.
You feel strangely unstable. The acid blob spits acid at you.
The splash of acid hits you!
You die...

#P.....§§§§......... ...
#PP...§§§§§......... .#.
#P..§§§§§§§§.....##.
##P..§b§J§§§.§....# ##
###...§§§§§§§§.#...## ##.
#.P.#.....§..§..#...###..
#..P###....#...##....##..
##...#...####.####...#...
## ##.#.....@##
..##........ #.#
##..........# .###.......
.## ##...........# .
##......
P.####.#.........#...#
##.##...
.P..#P...........##...#
#?.##...
...#.............# #..#
##...##..
................## ..P
#........
#..............#.#
.######.......
##P...........P.#.#.##
#P........


You could see an acid blob.

Vanquished Creatures
  2 orc warlords
  A white draconian (IceCv)
  6 hydras
  Erica (Lair:1)
  2 death yaks (IceCv)
  An orc high priest (Orc:2)
  Nergalle (D:11)
  An unseen horror (D:10)
  Pikel (D:4)
  7 orc sorcerers
  3 oklob plants (Lair:3)
  Maurice (D:9)
  9 black mambas
  An ice statue (IceCv)
  A molten gargoyle (D:9)
  Psyche (D:8)
  A kobold demonologist (D:9)
  11 komodo dragons
  5 spiny frogs
  2 rime drakes (IceCv)
  4 trolls
  19 polar bears
  A queen bee (Orc:1)
  6 hornets
  10 blink frogs
  6 dream sheep (Lair:6)
  Prince Ribbit (D:6)
  A dancing weapon (D:9)
  A slime creature (Lair:6)
  7 hippogriffs
  58 yaks
  Sigmund (D:5)
  11 spriggans (Lair:6)
  A redback (Lair:4)
  2 wyverns
  3 basilisks
  2 hungry ghosts (D:11)
  Grum (D:9)
  Eustachio (D:5)
  3 wargs
  A soldier ant (D:9)
  7 water moccasins
  A hornet zombie (D:5)
  5 porcupines
  3 ice beasts
  A sky beast (D:5)
  4 slaves (D:4)
  26 orc warriors
  6 black bears
  5 boggarts (Lair:6)
  56 wolves
  An eye of draining (D:11)
  2 phantoms
  6 ogres
  9 crocodiles
  6 centaurs
  Blork the orc (D:4)
  2 big kobolds
  5 bullfrogs
  A gnoll sergeant (Orc:1)
  2 troll zombies (D:11)
  5 scorpions
  28 killer bees
  12 wights
  4 howler monkeys
  An electric eel (Lair:1)
  5 crimson imps
  3 bullfrog zombies
  3 jellies
  A quasit (D:8)
  7 hounds
  34 orc wizards
  3 centaur skeletons
  34 orc priests
  3 bullfrog skeletons
  3 iguanas
  7 worker ants
  6 ogre zombies (D:11)
  A worker ant zombie (D:6)
  A howler monkey zombie (D:8)
  9 gnolls
  15 adders
  A river rat (Sewer)
  4 shadow imps
  An ooze (D:1)
  5 worms
  9 leopard geckos
  91 orcs
  4 ball pythons
  3 giant cockroaches
  8 goblins
  12 hobgoblins
  20 jackals
  20 kobolds
  A quokka (D:5)
  13 bats
  5 frilled lizards
  3 goblin skeletons (D:11)
  5 goblin zombies (D:11)
  3 hobgoblin zombies (D:11)
  2 jackal skeletons
  A leopard gecko zombie (D:3)
  2 orc skeletons (D:11)
  12 orc zombies (D:11)
  A quokka skeleton (D:6)
  13 rats
771 creatures vanquished.

Vanquished Creatures (collateral kills)
  An ogre (D:9)
1 creature vanquished.

Vanquished Creatures (others)
  A dancing weapon (Orc:2)
  A killer bee (D:11)
  An adder (D:4)
  A worm (D:4)
  A ball python (D:4)
  4 fungi (Lair:6)
  5 plants
  4 toadstools (D:3)
18 creatures vanquished.

Grand Total: 790 creatures vanquished

Notes
Turn   | Place    | Note
-------+----------+-------------------------------------------
     0 | D:1      | Amnesiac the Spriggan Enchanter began the quest for the
                  | Orb.
     0 | D:1      | Reached XP level 1. HP: 9/9 MP: 5/5
   117 | D:3      | Noticed an ogre
   176 | D:1      | Reached XP level 2. HP: 11/13 MP: 3/6
   180 | D:1      | Learned a level 2 spell: Ensorcelled Hibernation
   511 | D:4      | Found Nailo Xon's Book Emporium.
   526 | D:4      | Reached skill level 5 in Stealth
   526 | D:4      | Reached XP level 3. HP: 16/16 MP: 8/8
   531 | D:4      | Learned a level 3 spell: Confuse
   551 | D:4      | Noticed Pikel
   551 | D:4      | Noticed a slave
   551 | D:4      | Noticed a slave
   551 | D:4      | Noticed a slave
   558 | D:5      | Entered Level 5 of the Dungeon
   703 | D:4      | Reached XP level 4. HP: 21/21 MP: 9/9
   708 | D:4      | Learned a level 3 spell: Tukima's Dance
   768 | D:5      | Found an ornate altar of the Wu Jian Council.
   983 | D:4      | Killed a slave
  1126 | D:4      | Killed Pikel
  1126 | D:4      | Reached XP level 5. HP: 15/24 MP: 6/10
  1126 | D:4      | Reached XP level 6. HP: 18/28 MP: 6/11
  1126 | D:4      | Reached XP level 7. HP: 20/32 MP: 6/12
  1601 | D:4      | Found a radiant altar of Vehumet.
  1625 | D:4      | Noticed Blork the orc
  1633 | D:4      | Killed Blork the orc
  1768 | D:5      | Reached skill level 5 in Hexes
  2288 | D:5      | Noticed Eustachio
  2292 | D:5      | Killed Eustachio
  2292 | D:5      | Reached XP level 8. HP: 33/36 MP: 12/15
  2310 | D:5      | Noticed Sigmund
  2344 | D:5      | Killed Sigmund
  2402 | D:5      | Reached skill level 5 in Spellcasting
  2452 | D:5      | Found a bloodstained altar of Trog.
  2548 | D:5      | Found Qahioqe's Book Boutique.
  3031 | D:6      | Found Leinusk's Assorted Antiques.
  3039 | D:6      | Bought a scroll labeled NUYMEU KAWIOT for 25 gold pieces
  3039 | D:6      | Bought a scroll labeled BAABAI KO ZYR for 25 gold pieces
  3039 | D:6      | Bought a scroll labeled GUIZASOA JUIN for 25 gold pieces
  3039 | D:6      | Bought a scroll labeled NUYMEU KAWIOT for 25 gold pieces
  3187 | D:6      | Noticed a hippogriff
  3206 | D:6      | Killed a hippogriff
  3206 | D:6      | Reached XP level 9. HP: 39/39 MP: 9/19
  3219 | D:6      | Found a white marble altar of Elyvilon.
  3220 | D:6      | Found a hazy altar of Hepliaklqana.
  3221 | D:6      | Noticed Prince Ribbit
  3232 | D:6      | Killed Prince Ribbit
  3232 | D:6      | Reached skill level 10 in Stealth
  3269 | D:6      | Found a glowing drain.
  3278 | Sewer    | Entered a sewer
  3673 | D:6      | Found Hituppah's Gadget Boutique.
  3707 | D:6      | Reached skill level 10 in Hexes
  3771 | D:6      | Reached skill level 5 in Short Blades
  3986 | D:6      | Bought a murky ruby potion for 22 gold pieces
  4002 | D:7      | Found a stormy altar of Qazlal.
  4088 | D:7      | Found a staircase to the Ecumenical Temple.
  4097 | Temple   | Entered the Ecumenical Temple
  4152 | Temple   | Became a worshipper of Dithmenos the Shadowed
  4365 | D:7      | Learned a level 3 spell: Dazzling Spray
  4381 | D:7      | Reached * piety under Dithmenos
  4934 | D:6      | Bought a scroll labeled GUIZASOA JUIN for 25 gold pieces
  4934 | D:6      | Bought a scroll labeled YTHAUS VIEBLO for 25 gold pieces
  5030 | D:2      | Reached ** piety under Dithmenos
  5278 | D:1      | Found an ornate altar of the Wu Jian Council.
  6178 | D:3      | Reached XP level 10. HP: 32/44 MP: 16/22
  6503 | D:3      | Reached *** piety under Dithmenos
  7145 | D:8      | Found a deep blue altar of Sif Muna.
  7302 | D:8      | Noticed Psyche
  7310 | D:8      | Killed Psyche
  7310 | D:8      | Reached skill level 1 in Fighting
  7517 | D:8      | Found a shimmering altar of Xom.
  7521 | D:8      | Found a shimmering altar of Xom.
  7524 | D:8      | Found a shimmering altar of Xom.
  7710 | D:9      | Identified a paperback manual
  7727 | D:9      | Noticed Maurice
  7735 | D:9      | Killed Maurice
  7992 | D:9      | Found a staircase to the Lair.
  8016 | D:9      | Reached **** piety under Dithmenos
  8024 | D:9      | Reached skill level 10 in Dodging
  8306 | D:9      | Noticed Grum
  8340 | D:9      | Killed Grum
  8353 | D:9      | Noticed a molten gargoyle
  8474 | D:9      | Killed a molten gargoyle
  8474 | D:9      | Reached XP level 11. HP: 31/53 MP: 18/23
  8767 | D:10     | Entered Level 10 of the Dungeon
  8767 | D:10     | Found Jiymme's Weapon Shoppe.
  8819 | D:10     | Found Weafuck's Weapon Shoppe.
  8840 | D:10     | Found Ludgh's Antique Weapon Shop.
  8867 | D:10     | Found Feint's Antique Armour Boutique.
  8877 | D:10     | Noticed an unseen horror
  8880 | D:10     | Killed an unseen horror
  8884 | D:10     | Bought a glowing robe for 99 gold pieces
  9101 | D:10     | Found a bloodstained altar of Trog.
  9375 | D:4      | Bought a book of Cantrips for 200 gold pieces
  9375 | D:4      | Bought a book of Minor Magic for 200 gold pieces
  9377 | D:4      | Learned a level 1 spell: Confusing Touch
  9379 | D:4      | Learned a level 1 spell: Apportation
  9382 | D:4      | Learned a level 2 spell: Blink
  9386 | D:4      | Learned a level 3 spell: Mephitic Cloud
  9390 | D:4      | Learned a level 3 spell: Conjure Flame
  9394 | D:4      | Learned a level 3 spell: Ozocubu's Armour
  9551 | D:11     | Noticed Nergalle
  9562 | D:11     | Killed Nergalle
  9562 | D:11     | Reached skill level 5 in Fighting
  9650 | D:11     | Found a white marble altar of Elyvilon.
  9853 | D:11     | Reached ***** piety under Dithmenos
  9928 | D:11     | Found a staircase to the Orcish Mines.
 10496 | Orc:1    | Entered Level 1 of the Orcish Mines
 11611 | Orc:2    | Entered Level 2 of the Orcish Mines
 11629 | Orc:2    | Reached ****** piety under Dithmenos
 11816 | Orc:2    | Noticed an orc warlord
 12101 | Orc:1    | Killed an orc warlord
 12370 | Orc:1    | Reached XP level 12. HP: 62/62 MP: 20/24
 12823 | Orc:1    | Reached skill level 15 in Stealth
 13168 | Orc:2    | Noticed an orc warlord
 13455 | Orc:2    | Killed an orc warlord
 13672 | Orc:2    | Found a staircase to the Elven Halls.
 13680 | Orc:2    | Noticed an orc high priest
 13723 | Orc:2    | Killed an orc high priest
 14051 | Orc:2    | Found Gunalim's Antique Armour Shoppe.
 14051 | Orc:2    | Found Emmihow's Magic Scroll Emporium.
 14051 | Orc:2    | Found Icarareb's Food Emporium.
 14054 | Orc:2    | Found Zoit's Antique Armour Shoppe.
 14300 | Orc:2    | Bought a runed buckler for 225 gold pieces
 14652 | Orc:2    | Bought an embroidered cloak for 225 gold pieces
 15238 | Lair:1   | Entered Level 1 of the Lair of Beasts
 15416 | Lair:1   | Noticed Erica
 15423 | Lair:1   | Killed Erica
 15423 | Lair:1   | Reached skill level 1 in Shields
 15517 | Lair:1   | Reached skill level 15 in Dodging
 16049 | Lair:1   | Reached XP level 13. HP: 42/70 MP: 13/25
 16526 | Lair:2   | Found a staircase to the Swamp.
 16940 | Lair:3   | Reached skill level 10 in Fighting
 17396 | Lair:3   | Reached skill level 1 in Invocations
 17396 | Lair:3   | Reached skill level 1 in Evocations
 17582 | Lair:3   | Identified a scroll of acquirement {!r}
 18107 | Lair:4   | Found a frozen archway.
 18112 | Lair:4   | Reached skill level 5 in Shields
 18124 | Lair:4   | Found a hole to the Spider Nest.
 18239 | IceCv    | Entered an ice cave
 18434 | IceCv    | Reached skill level 5 in Evocations
 19212 | IceCv    | Noticed a white draconian
 19221 | IceCv    | Reached skill level 5 in Invocations
 19221 | IceCv    | Reached XP level 14. HP: 77/77 MP: 22/26
 20438 | Lair:5   | Got a smoking spear
 20788 | Lair:5   | Found a blossoming altar of Fedhas.
 21124 | Lair:6   | Entered Level 6 of the Lair of Beasts
 22184 | Lair:6   | Found a runed door.
 22184 | Lair:6   | Found a viscous altar of Jiyva.
 22184 | Lair:6   | Found a staircase to the Slime Pits.
 22184 | Lair:6   | Noticed an acid blob
 23029 | Lair:6   | HP: 1/77 [acid (8)]
 23038 | Lair:6   | Killed from afar by an acid blob

Vault maps used:
D:1:      grunt_arrival_crossed_arrows, kennysheep_flooded_box
D:2:      first_ration
D:3:      minmay_gold_behind_fungi, interstate_on_off
D:4:      fiery_altar_vehumet, serial_shops, shop, serial_bayou_lagoon_a,
          dk_noncrumbling_4, uniq_pikel, uniq_blork_the_orc
D:5:      old_standard_altar, serial_shops, kennysheep_little_box,
          trog_butcher_becter, uniq_eustachio, uniq_sigmund
D:6:      amethyst_overflow_temple_binary, serial_shops,
          nicolae_shop_waterfront, nicolae_shop_stone, portal_sewer_entry_d,
          uniq_prince_ribbit1
D:7:      corexii_shack_village, nicolae_qazlal_general_emergency,
          minmay_temple_entry_water_ring
D:8:      xom_redecorated, basic_altar, uniq_psyche
D:9:      lemuel_flame_loot_2, erik_lair_orcish_takeover,
          hangedman_pestilent_swarm, uniq_maurice, uniq_grum
D:10:     serial_shops, shop_coins, shop_fountains, shop, shop,
          trog_ov_bears_minmay
D:11:     zombieorc2_lemuel, elyvilon_altar_3, uniq_nergalle
Temple:   nicolae_temple_elliptical
Lair:1:   serial_bayou_shore_a, uniq_erica
Lair:2:   minmay_swamp_entry_worms, grunt_megastairs_3, lemuel_fruit_tree
Lair:3:   lemuel_fruit_fields, lemuel_fruit_fields, minmay_lair_oklob_chamber
Lair:4:   spider_nest_entry_webs, portal_ice_cave_entry_pillars_2
Lair:5:   basic_altar, serial_bayou_pond_c, serial_bayou_shore_b,
          infiniplex_staircase_pool, grunt_megastairs_5
Lair:6:   minmay_lair_end_enchanted_forest, slime_altar_2, lemuel_fruit_fields
Orc:1:    special_room, nicolae_orc_bridge_out
Orc:2:    st_orc_mages
Sewer:    sewer_co_15_rooms
IceCv:    ice_cave_caverns_02

Skill      XL: |  1  2  3  4  5  6  7  8  9 10 11 12 13 14 |
---------------+-------------------------------------------+-----
Spellcasting   | 3 4 6 7 |  7.5
Stealth        | 5 9 10 12 14 15 | 15.7
Hexes          | 4 6 9 10 | 10.0
Short Blades   | 2 3 4 7 8 |  8.0
Dodging        | 6 7 8 10 13 15 | 15.0
Fighting       | 4 6 9 10 | 10.0
Shields        | 2 6 7 |  7.2
Invocations    | 5 8 |  8.6
Evocations     | 6 8 |  8.0

Action                   |  1- 3 |  4- 6 |  7- 9 | 10-12 | 13-15 || total
-------------------------+-------+-------+-------+-------+-------++-------
Melee: Dagger            |    54 |    24 |    40 |   574 |   417 ||  1109
       Rapier            |       |       |   453 |   221 |       ||   674
       Quick blade       |       |       |       |    11 |   498 ||   509
 Cast: Corona            |     6 |       |       |       |     1 ||     7
       Ensorcelled Hiber |     8 |     2 |    25 |    87 |   108 ||   230
       Confuse           |     1 |     9 |    36 |    87 |    74 ||   207
       Tukima's Dance    |       |     1 |       |     6 |       ||     7
       Dazzling Spray    |       |       |       |    90 |    20 ||   110
       Blink             |       |       |       |     2 |       ||     2
       Confusing Touch   |       |       |       |     1 |    39 ||    40
Evoke: Wand              |       |       |     3 |     1 |       ||     4
  Use: Scroll            |     3 |       |     6 |    17 |    16 ||    42
       Potion            |       |       |       |     2 |     6 ||     8
 Stab: Sleeping          |    12 |     1 |    40 |   104 |    99 ||   256
       Confused          |       |     9 |    30 |    68 |   101 ||   208
       Distracted        |       |     1 |     3 |     3 |     1 ||     8
       Invisible         |       |       |       |    29 |     1 ||    30
       Held in net/web   |       |       |       |       |     3 ||     3
  Eat: Ration            |       |       |     3 |     7 |     7 ||    17
Armor: Robe              |     9 |     1 |    26 |    27 |    14 ||    77
       Animal skin       |       |       |       |       |     1 ||     1
Dodge: Dodged            |    61 |     7 |   421 |   682 |   483 ||  1654
Block: Other             |       |       |     7 |    23 |       ||    30
       Reflection        |       |       |     1 |     2 |       ||     3
       Buckler           |       |       |       |    11 |   283 ||   294

Table legend:
 A = Non-vault XP
 B = Vault XP
 C = Vault XP percentage of total XP
 D = Non-vault monster count
 E = Vault monster count
 F = Vault count percentage of total count
                 A         B        C        D         E       F
            +---------+---------+-------+---------+---------+-------
      Total |   52749 |   38179 |  42.0 |     482 |     287 |  37.3
            +---------+---------+-------+---------+---------+-------
        D:1 |      43 |       0 |   0.0 |      24 |       0 |   0.0
        D:2 |     128 |       0 |   0.0 |      28 |       0 |   0.0
        D:3 |     352 |       0 |   0.0 |      26 |       0 |   0.0
        D:4 |     218 |     686 |  75.9 |      15 |       2 |  11.8
        D:5 |     962 |     416 |  30.2 |      25 |       5 |  16.7
        D:6 |    1542 |     272 |  15.0 |      35 |       2 |   5.4
        D:7 |     864 |      25 |   2.8 |      25 |      11 |  30.6
        D:8 |     631 |     410 |  39.4 |      23 |       1 |   4.2
        D:9 |    1517 |    2827 |  65.1 |      23 |      19 |  45.2
       D:10 |    2075 |     573 |  21.6 |      10 |       2 |  16.7
       D:11 |    2143 |    2686 |  55.6 |      34 |      57 |  62.6
     Temple |       2 |       3 |  60.0 |       1 |       1 |  50.0
     Lair:1 |    4848 |     934 |  16.2 |      20 |       1 |   4.8
     Lair:2 |    2322 |     779 |  25.1 |       8 |       7 |  46.7
     Lair:3 |    7507 |    1828 |  19.6 |      28 |       5 |  15.2
     Lair:4 |    6159 |     211 |   3.3 |      26 |       1 |   3.7
     Lair:5 |    5366 |       0 |   0.0 |      17 |       0 |   0.0
     Lair:6 |    7020 |    8004 |  53.3 |      24 |      49 |  67.1
      Orc:1 |    4171 |     596 |  12.5 |      42 |       6 |  12.5
      Orc:2 |    4879 |    4469 |  47.8 |      48 |      44 |  47.8
      Sewer |       0 |     172 | 100.0 |       0 |      18 | 100.0
      IceCv |       0 |   13288 | 100.0 |       0 |      56 | 100.0
            +---------+---------+-------+---------+---------+-------
